 Dungeon Crawl Stone Soup version 0.23-a0-183-gf37f6fb (webtiles) character file.

29761 namelastname112 the Covert (level 13, -4/111 HPs)
             Began as a Grey Draconian Assassin on Sept 22, 2018.
             Was the Champion of Dithmenos.
             Slain by a cyan ugly thing (16 damage)
             ... while paralysed
             ... on level 14 of the Dungeon.
             The game lasted 00:30:22 (16802 turns).

namelastname112 the Covert (DrAs)                  Turns: 16802, Time: 00:30:23

Health: -4/111     AC: 18    Str: 14    XL:     13   Next: 16%
Magic:  20/20      EV:  2    Int: 12    God:    Dithmenos [******]
Gold:   622        SH:  0    Dex: 17    Spells: 12/12 levels left

rFire    . . .     SeeInvis .   a - +3 dagger (venom)
rCold    . . .     Gourm    .   M - +0 buckler
rNeg     . . .     Faith    .   (armour unavailable)
rPois    .         Spirit   .   B - +1 hat
rElec    .         Reflect  .   r - +1 cloak {+Inv}
rCorr    .         Harm     +   (no gloves)
MR       .....                  (no boots)
Stlth    ++++++++..             I - amulet of harm
HPRegen  0.28/turn              q - ring of wizardry
MPRegen  0.17/turn              E - +2 ring of protection

@: paralysed, berserk cooldown, slowed, wreathed by umbra
A: walk through water, unfitting armour, unbreathing, cold-blooded, AC +13
a: Shadow Step, Shadow Form, Renounce Religion, Evoke Invisibility


You were on level 14 of the Dungeon.
You worshipped Dithmenos.
Dithmenos was exalted by your worship.
You were not hungry.

You visited 1 branch of the dungeon, and saw 14 of its levels.

You collected 622 gold pieces.

Inventory:

Hand Weapons
 a - a +3 dagger of venom (weapon)
 b - a +0 blowgun
 j - a +0 short sword of distortion
Missiles
 d - 50 poisoned needles
 e - 2 curare-tipped needles
Armour
 c - a +0 cloak
 r - a +1 cloak of invisibility (worn)
 B - a +1 hat (worn)
 M - a +0 buckler (worn)
Jewellery
 q - a ring of wizardry (left hand)
 E - a +2 ring of protection (right hand)
 I - an amulet of harm (around neck)
Wands
 w - a wand of paralysis (21)
 y - a wand of random effects (21)
 C - a wand of enslavement (16)
 D - a wand of acid (6)
 F - a wand of digging (15)
 G - a wand of polymorph (11)
Scrolls
 h - 3 scrolls of magic mapping
 i - 6 scrolls of enchant weapon
 k - 4 scrolls of fog
 m - 7 scrolls of remove curse
 n - 5 scrolls of teleportation
 o - 5 scrolls of identify
 s - a scroll of fear
 t - 2 scrolls of enchant armour
 L - 3 scrolls of immolation
 O - a scroll of holy word
 P - a scroll of random uselessness {unknown}
Potions
 g - 2 potions of curing
 p - a potion of haste
 u - 2 potions of cancellation
 v - a potion of heal wounds
 x - 3 potions of brilliance
 z - 4 potions of might
 A - 2 potions of flight
 H - a potion of invisibility
 J - a potion of magic
 K - a potion of resistance
Miscellaneous
 N - a lightning rod (4/4)
Comestibles
 f - 14 rations
 Q - 6 chunks of flesh


   Skills:
 + Level 9.4 Fighting
 * Level 10.4 Short Blades
 + Level 7.8 Throwing
 + Level 7.6 Dodging
 * Level 10.6 Stealth
 + Level 2.6 Shields
 + Level 10.1 Evocations


You had 12 spell levels left.
You didn't know any spells.
Your spell library contained the following spells:

 Spells                   Type           Power        Failure   Level  Hunger
 Animate Skeleton         Necr           N/A          16%         1    ##.....
 Magic Dart               Conj           #...         16%         1    ##.....
 Pain                     Necr           #...         16%         1    ##.....
 Blink                    Tloc           N/A          24%         2    ###....
 Call Imp                 Summ           #.......     24%         2    ###....
 Corpse Rot               Necr           N/A          24%         2    ###....
 Poisonous Vapours        Pois/Air       #.....       24%         2    ###....
 Slow                     Hex            #.......     24%         2    ###....
 Conjure Flame            Conj/Fire      #.......     41%         3    ####...
 Mephitic Cloud           Conj/Pois/Air  #.......     41%         3    ####...
 Regeneration             Chrm/Necr      #.........   41%         3    ####...
 Stone Arrow              Conj/Erth      #.....       41%         3    ####...
 Vampiric Draining        Necr           #.........   41%         3    ####...
 Animate Dead             Necr           N/A          80%         4    #####..
 Cause Fear               Hex            #.........   80%         4    #####..
 Leda's Liquefaction      Hex/Erth       #.........   80%         4    #####..
 Silence                  Hex/Air        #.........   98%         5    ######.
 Summon Forest            Summ/Tloc      #.........   98%         5    ######.
 Yara's Violent Unravell  Hex/Tmut       #.........   98%         5    ######.
 Deflect Missiles         Chrm/Air       #.........   100%        6    #######
 Freezing Cloud           Conj/Ice/Air   #.........   100%        6    #######
 Hydra Form               Tmut           #.........   100%        6    #######
 Ring of Flames           Chrm/Fire      #.........   100%        7    #######
 Summon Hydra             Summ           #.........   100%        7    #######
 Discord                  Hex            #.........   100%        8    #######


Dungeon Overview and Level Annotations

Branches:
Dungeon (14/15)            Temple (0/1) D:4            Lair (0/6) D:8
    Orc (0/2) D:11
 Vaults: D:13-14

Altars:
Cheibriados
Dithmenos
Ru
Uskayaw
Xom
The Shining One
Beogh

Shops:
D:11 ?


Innate Abilities, Weirdness & Mutations

You can walk through water.
Your dull iron-grey scales are very hard. (AC +13)
You cannot fit into any form of body armour.
You can survive without breathing.
You are cold-blooded and may be slowed by cold attacks.


Message History

* * * LOW HITPOINT WARNING * * *
You block the sphinx's attack. The sphinx closely misses you.
You take 2 damage, and have 34/166 hp.
You puncture the sphinx!
The sphinx is severely wounded.
You puncture the sphinx!
The sphinx looks as sick as possible!
The sphinx is almost dead.
Your shadow hits the sphinx with a dagger.
You kill the sphinx!
Dithmenos accepts your kill.
You see here a sphinx corpse.
You feel a strong urge to attack something.
You are no longer berserk.
You pass out from exhaustion.
You feel yourself slow down. The cyan ugly thing barely misses you.
The cyan ugly thing engulfs you!
* * * LOW HITPOINT WARNING * * *
The cyan ugly thing shocks you!
You die...

#### ..# #.#
#######.########.#. .....
.......@u†(........ ..#.#
#######..#######.##
#.#.##########.)))..#
.............#..(...#
#.#.#######.....)...# #.#.#
##≈≈≈≈≈≈≈≈..# #.#.#
##≈≈≈≈≈≈≈≈≈≈≈##
##.#.####≈≈≈######≈≈≈≈###.#...
......##≈≈≈##...S##8(≈≈.......


You could see a cyan ugly thing.

Vanquished Creatures
  A sphinx (D:14)
  A hydra (D:11)
  A death knight (D:14)
  2 two-headed ogres
  3 centaur warriors
  Sonja (D:11)
  2 unseen horrors
  5 ugly things
  2 cyclopes (D:12)
  2 gargoyles (D:12)
  2 freezing wraiths (D:14)
  3 komodo dragons
  A tengu conjurer (D:13)
  3 trolls
  2 hornets (D:12)
  3 meliai (D:14)
  9 slime creatures
  2 hippogriffs (D:9)
  A spriggan (D:9)
  21 yaks
  3 wraiths
  2 basilisks
  3 hungry ghosts
  Grum (D:8)
  An acid dragon (D:12)
  A water moccasin (D:8)
  2 sky beasts
  10 orc warriors
  2 black bears
  6 ice beasts
  A necrophage (D:10)
  3 eyes of draining
  2 phantoms
  2 ogres
  4 wolves (D:8)
  15 centaurs
  2 crocodiles
  A big kobold (D:10)
  4 bullfrogs
  Blork the orc (D:6)
  5 scorpions
  6 killer bees
  16 wights
  2 howler monkeys
  6 crimson imps
  A quasit (D:8)
  6 centaur zombies
  5 jellies
  A bullfrog skeleton (D:5)
  4 hounds
  10 orc priests
  12 orc wizards
  Crazy Yiuf (D:2)
  3 centaur skeletons
  3 iguanas
  7 worker ants
  2 hound skeletons (D:9)
  A worker ant zombie (D:8)
  15 adders
  5 gnolls
  3 shadow imps
  An ooze (D:2)
  An adder skeleton (D:8)
  A worm (D:2)
  11 dart slugs
  15 leopard geckos
  74 orcs
  5 bats
  5 giant cockroaches
  9 hobgoblins
  3 jackals (D:2)
  6 quokkas
  4 ball pythons
  6 frilled lizards
  6 goblins
  8 kobolds
  2 leopard gecko skeletons (D:8)
  8 rats
412 creatures vanquished.

Vanquished Creatures (others)
  A manticore (D:11)
  An orc priest (D:12)
  2 orc wizards
  2 orcs
  2 plants (D:8)
8 creatures vanquished.

Grand Total: 420 creatures vanquished

Notes
Turn   | Place    | Note
-------+----------+-------------------------------------------
     0 | D:1      | namelastname112 the Draconian Assassin began the quest for
                  | the Orb.
     0 | D:1      | Reached XP level 1. HP: 17/17 MP: 1/1
   119 | D:1      | Reached skill level 1 in Dodging
   378 | D:1      | Reached XP level 2. HP: 25/25 MP: 2/2
   713 | D:1      | Reached XP level 3. HP: 30/30 MP: 3/3
  1128 | D:2      | Found a runed door.
  1205 | D:2      | Noticed Crazy Yiuf
  1213 | D:2      | Killed Crazy Yiuf
  1213 | D:2      | Reached XP level 4. HP: 37/37 MP: 4/4
  1287 | D:2      | Found a glowing golden altar of the Shining One.
  1288 | D:2      | Found a shimmering altar of Xom.
  1297 | D:2      | Found a snail-covered altar of Cheibriados.
  1303 | D:2      | Found a hide-covered altar of Uskayaw.
  1303 | D:2      | Found a shadowy altar of Dithmenos.
  1514 | D:2      | epen: !roll 3
  1524 | D:2      | epen: !!roll 1 3
  1524 | D:2      | epen: !roll 1 3
  1524 | D:2      | epen: ??roll 1
  1524 | D:2      | beem: I don't have a page labeled roll_1 in my learndb.
  1524 | D:2      | namelastname112: !rng dith usk
  1524 | D:2      | beem: The RNG chooses: dith.
  1526 | D:2      | Became a worshipper of Dithmenos the Shadowed
  1892 | D:2      | Reached XP level 5. HP: 44/44 MP: 5/5
  1977 | D:2      | Reached skill level 1 in Evocations
  2983 | D:4      | Reached XP level 6. HP: 40/51 MP: 7/7
  3002 | D:4      | Reached * piety under Dithmenos
  3065 | D:4      | Found a staircase to the Ecumenical Temple.
  3566 | D:4      | Noticed an orc warrior
  3608 | D:4      | Killed an orc warrior
  3608 | D:4      | Your scales start taking on a dull iron-grey colour.
  3608 | D:4      | Reached XP level 7. HP: 56/58 MP: 6/9
  3608 | D:4      | Gained mutation: You can survive without breathing. [Grey
                  | Draconian growth]
  3743 | D:5      | Entered Level 5 of the Dungeon
  3996 | D:5      | Reached skill level 5 in Stealth
  4108 | D:5      | Reached ** piety under Dithmenos
  4425 | D:5      | Reached XP level 8. HP: 55/67 MP: 9/11
  4815 | D:6      | Noticed Blork the orc
  4818 | D:6      | Killed Blork the orc
  6205 | D:7      | Reached skill level 5 in Evocations
  6396 | D:8      | Noticed Grum
  6413 | D:8      | Reached skill level 5 in Fighting
  6441 | D:8      | Reached skill level 5 in Short Blades
  6473 | D:8      | Killed Grum
  6473 | D:8      | Reached XP level 9. HP: 40/74 MP: 13/13
  6538 | D:8      | Reached *** piety under Dithmenos
  6568 | D:8      | Noticed a two-headed ogre
  6913 | D:8      | Killed a two-headed ogre
  7022 | D:8      | Noticed a troll
  7071 | D:8      | Killed a troll
  7071 | D:8      | Reached skill level 5 in Throwing
  7456 | D:8      | Found a staircase to the Lair.
  7458 | D:8      | Noticed a komodo dragon
  7661 | D:8      | Noticed a centaur warrior
  7721 | D:8      | Reached XP level 10. HP: 53/83 MP: 15/15
  7809 | D:8      | Reached skill level 5 in Dodging
  7884 | D:8      | Killed a centaur warrior
  8216 | D:8      | Found a sacrificial altar of Ru.
  8755 | D:9      | Reached **** piety under Dithmenos
  9263 | D:10     | Entered Level 10 of the Dungeon
  9350 | D:10     | Reached XP level 11. HP: 38/92 MP: 17/17
  9722 | D:10     | Noticed a centaur warrior
  9748 | D:10     | Killed a centaur warrior
  9849 | D:10     | Found a roughly hewn altar of Beogh.
  9895 | D:10     | Reached ***** piety under Dithmenos
 10649 | D:10     | Killed an unseen horror
 10901 | D:11     | Noticed Sonja
 10906 | D:11     | Killed Sonja
 10996 | D:11     | Found Suin's Magic Scroll Boutique.
 11291 | D:11     | Found a staircase to the Orcish Mines.
 11292 | D:11     | Found a roughly hewn altar of Beogh.
 11697 | D:11     | Noticed a six-headed hydra
 11713 | D:11     | Killed a six-headed hydra
 12393 | D:11     | Noticed a purple ugly thing
 12420 | D:11     | Killed a purple ugly thing
 12830 | D:12     | Reached XP level 12. HP: 94/103 MP: 19/19
 13134 | D:12     | Noticed a two-headed ogre
 13157 | D:12     | Killed a two-headed ogre
 13590 | D:12     | Reached ****** piety under Dithmenos
 15090 | D:13     | Reached skill level 10 in Stealth
 15361 | D:13     | Reached skill level 1 in Shields
 15777 | D:14     | Noticed a death knight
 16133 | D:14     | Killed a death knight
 16516 | D:14     | Reached skill level 10 in Short Blades
 16580 | D:14     | Reached skill level 10 in Evocations
 16615 | D:14     | Reached XP level 13. HP: 111/111 MP: 20/20
 16700 | D:14     | Noticed a sphinx
 16769 | D:14     | Paralysed by a sphinx for 5 turns
 16795 | D:14     | Killed a sphinx
 16802 | D:14     | Slain by a cyan ugly thing

Vault maps used:
D:1:      shiori_shiawase
D:2:      grunt_temple_overflow_open, uniq_crazy_yiuf_cottage
D:3:      first_ration
D:4:      minmay_temple_entry_fiery
D:5:      kennysheep_slugbush
D:6:      grunt_tough_drop, uniq_blork_the_orc
D:7:      minmay_item_behind_shaft
D:8:      minmay_quarter_circles, david_lair_shrubbed, nicolae_ru_path_of_blood,
          uniq_grum
D:9:      the_bakery
D:10:     special_room, minmay_misc_feat_nine_boxes
D:11:     minmay_orc_entry_temple_small, serial_shops,
          nicolae_shop_competitors_out_of_business, uniq_sonja
D:12:     kennysheep_nondescript
D:13:     kennysheep_generic_room_4
D:14:     lightli_vaults_fourway_checkpoint, kennysheep_island_fort, uniq_louise

Skill      XL: |  1  2  3  4  5  6  7  8  9 10 11 12 |
---------------+-------------------------------------+-----
Dodging        | 1 2 3 4 5 6 7 |  7.6
Throwing       | 2 3 4 5 6 7 |  7.8
Stealth        | 4 5 6 7 9 10 | 10.6
Short Blades   | 3 4 5 6 7 8 10 | 10.4
Fighting       | 3 4 5 6 7 8 9 |  9.4
Evocations     | 1 2 4 5 7 8 9 10 | 10.1
Shields        | 2 |  2.6

Action                   |  1- 3 |  4- 6 |  7- 9 | 10-12 | 13-15 || total
-------------------------+-------+-------+-------+-------+-------++-------
Melee: Dagger            |    38 |   168 |   508 |  1400 |    68 ||  2182
       Tailslap          |     6 |    26 |    84 |   255 |    12 ||   383
       Short sword       |    29 |    46 |       |       |       ||    75
 Fire: Blowgun           |     6 |       |    12 |       |     4 ||    22
Invok: Shadow Step       |       |       |       |     1 |       ||     1
 Abil: Evoke Invisibilit |       |     2 |       |    18 |       ||    20
Evoke: Wand              |       |       |     1 |     4 |       ||     5
  Use: Scroll            |       |       |       |    24 |       ||    24
       Potion            |       |       |       |     2 |     1 ||     3
 Stab: Sleeping          |     5 |     9 |    12 |    28 |     1 ||    55
       Invisible         |       |       |     1 |    65 |     1 ||    67
       Distracted        |       |       |     2 |     3 |       ||     5
       Paralysed         |       |       |     1 |     2 |       ||     3
  Eat: Chunk             |     1 |     8 |    10 |    17 |       ||    36
       Ration            |       |       |     1 |     8 |       ||     9
Armor: Skin              |    25 |    71 |   155 |   269 |    13 ||   533
Dodge: Dodged            |    34 |   148 |   341 |   736 |    40 ||  1299
Block: Buckler           |       |       |       |    24 |    14 ||    38

Table legend:
 A = Non-vault XP
 B = Vault XP
 C = Vault XP percentage of total XP
 D = Non-vault monster count
 E = Vault monster count
 F = Vault count percentage of total count
                 A         B        C        D         E       F
            +---------+---------+-------+---------+---------+-------
      Total |   33904 |    8613 |  20.3 |     337 |      79 |  19.0
            +---------+---------+-------+---------+---------+-------
        D:1 |      44 |       0 |   0.0 |      19 |       0 |   0.0
        D:2 |     199 |      39 |  16.4 |      40 |       1 |   2.4
        D:3 |      60 |       0 |   0.0 |      17 |       0 |   0.0
        D:4 |     512 |       0 |   0.0 |      21 |       0 |   0.0
        D:5 |     722 |      31 |   4.1 |      16 |       9 |  36.0
        D:6 |     193 |     176 |  47.7 |       5 |       4 |  44.4
        D:7 |     249 |       0 |   0.0 |       4 |       0 |   0.0
        D:8 |    1061 |    4117 |  79.5 |      26 |      30 |  53.6
        D:9 |    2828 |     215 |   7.1 |      26 |       1 |   3.7
       D:10 |    3172 |     355 |  10.1 |      32 |      25 |  43.9
       D:11 |    6074 |    1111 |  15.5 |      32 |       6 |  15.8
       D:12 |    6575 |       0 |   0.0 |      42 |       0 |   0.0
       D:13 |    3777 |     202 |   5.1 |      31 |       1 |   3.1
       D:14 |    8438 |    2367 |  21.9 |      26 |       2 |   7.1
            +---------+---------+-------+---------+---------+-------
